AoeStats
← [CL] Al3jandr0.magn00

Enclosed

506277824Analyzed
1v1 RM · 19d ago on Sep 13, 2026· 42m 37s· 2 players
Game mode
Random Map
Map size
Tiny (2 player)
Population
200
Speed
Normal
Resources
Standard
Victory
Conquest
Starting age
Dark Age
Ending age
Imperial Age
RankedLock teamsTeams togetherTeam positionsShared explorationLock speedFull tech treeHidden civsTurbo modeCheats
Victory
Defeat
🇦🇷 Chinese · Argentina
1806
+13
🇨🇱 Mongols · Chile
1745
-13
[CL] El Sin Manos
6:17 Loom
8:18 Feudal Age
8:35 Man-at-Arms
15:31 Double-Bit Axe
20:38 Fletching
20:52 Horse Collar
25:04 Castle Age
23:55 Bloodlines
23:47 Padded Archer Armor
24:04 Gold Mining
25:44 Bodkin Arrow
26:13 Husbandry
31:26 Town Watch
33:15 Ballistics
39:59 Wheelbarrow
43:06 Imperial Age
41:52 Bow Saw
[CL] Al3jandr0.magn00
0:25 Loom
8:04 Feudal Age
10:08 Horse Collar
15:12 Fletching
22:36 Castle Age
21:02 Gold Mining
22:51 Scale Barding Armor
22:56 Bloodlines
28:32 Husbandry
29:27 Chain Barding Armor
29:43 Wheelbarrow
32:29 Forging
34:16 Hand Cart
33:47 Town Watch
37:22 Gold Shaft Mining
40:29 Imperial Age
38:47 Ballistics
40:36 Stone Mining
40:33 Cavalier
41:49 Plate Barding Armor
42:06 Iron Casting
Connection lost

Rejoining the realm…

Still unreachable

The connection could not be restored.

Session expired

The server has moved on; the page needs a fresh start.